 Dungeon Crawl Stone Soup version 0.27-a0-46-g34d46f0a3f (webtiles) character file.

Game seed: 9223866513908988250

136 Borgoz the Ruffian (level 5, -2/45 HPs)
             Began as a Ghoul Gladiator on Jan 6, 2021.
             Slain by a kobold
             ... wielding a +0 whip
              (6 damage)
             ... on level 2 of the Dungeon.
             The game lasted 00:02:08 (1909 turns).

Borgoz the Ruffian (Ghoul Gladiator)                Turns: 1909, Time: 00:02:09

Health: -2/45      AC:  6    Str: 19    XL:     5   Next: 19%
Magic:  4/4        EV: 12    Int:  3    God:
Gold:   168        SH:  0    Dex: 10    Spells: 4/4 levels left

rFire    . . .     SeeInvis .     - Unarmed
rCold    + . .     Faith    .   (no shield)
rNeg     + + +     Spirit   .   h - +0 ring mail
rPois    ∞         Reflect  .   b - +0 helmet
rElec    .         Harm     .   (no cloak)
rCorr    .         Rampage  .   (no gloves)
Will     .....                  (no boots)
Stlth    ..........             (no amulet)
HPRegen  0.00/turn              (no ring)
MPRegen  0.09/turn              (no ring)

@: no status effects
A: claws 1, cold resistance 1, negative energy resistance 3, inhibited
regeneration, torment resistance, unbreathing
a: no special abilities


You were on level 2 of the Dungeon.
You visited 1 branch of the dungeon, and saw 2 of its levels.

You collected 168 gold pieces.

Inventory:

Missiles
 c - 3 throwing nets (quivered)
Armour
 b - a +0 helmet (worn)
 h - a +0 ring mail (worn)
Scrolls
 a - a scroll of enchant weapon
 d - 3 scrolls of teleportation
 j - a scroll of remove curse
Potions
 g - a potion of curing


   Skills:
 + Level 3.3 Fighting
 - Level 1.7 Throwing
 + Level 1.7 Armour
 + Level 3.5 Dodging
 + Level 4.2 Unarmed Combat


You had 4 spell levels left.
You didn't know any spells.
Your spell library was empty.

Dungeon Overview and Level Annotations

Branches:
Dungeon (2/15)

Altars:


Innate Abilities, Weirdness & Mutations

You thrive by killing the living.
You are immune to poison.
You have sharp fingernails.
Your flesh is cold resistant. (rC+)
You are immune to negative energy. (rN+++)
You do not regenerate when monsters are visible.
You are immune to unholy pain and torment.
You can survive without breathing.


Message History

The gnoll hits you but does no damage.
You closely miss the kobold. The kobold hits you but does no damage.
The gnoll hits you with a +0 spear.
* * * LOW HITPOINT WARNING * * *
You barely miss the gnoll. The kobold hits you but does no damage.
The gnoll barely misses you.
You scratch the gnoll.
The gnoll is moderately wounded.
The kobold barely misses you. The gnoll hits you but does no damage.
You scratch the gnoll.
The gnoll is severely wounded.
The kobold closely misses you. The gnoll hits you with a +0 spear!
* * * LOW HITPOINT WARNING * * *
You closely miss the gnoll.
The gnoll is severely wounded.
The kobold closely misses you. The gnoll completely misses you.
You barely miss the gnoll.
The gnoll is severely wounded.
The kobold hits you with a +0 whip.
You die...

########### #####
###.........# #.(.#
......).....# #..?####
......g@....#####...#...
......K.).........).#...
...#.###'###.....).(#...
> .. .............)'(..
## ###.###........#)..
#.# #........#..( #.#
#.....####### ..#
####### #### #...


You could see a gnoll and a kobold.

Vanquished Creatures
  Robin (D:2)
  6 gnolls (D:2)
  An adder (D:2)
  2 worms (D:2)
  A dart slug (D:1)
  2 leopard geckos (D:2)
  A giant cockroach (D:2)
  11 goblins
  5 hobgoblins
  3 jackals (D:2)
  3 quokkas (D:2)
  4 bats
  3 frilled lizards
  5 kobolds (D:2)
  2 rats
50 creatures vanquished.

Notes
Turn   | Place    | Note
-------+----------+-------------------------------------------
     0 | D:1      | Borgoz the Ghoul Gladiator began the quest for the Orb.
     0 | D:1      | Reached XP level 1. HP: 17/17 MP: 0/0
   511 | D:1      | Reached XP level 2. HP: 25/25 MP: 1/1
  1101 | D:2      | Noticed Robin
  1103 | D:2      | Reached XP level 3. HP: 30/30 MP: 2/2
  1299 | D:2      | Killed Robin
  1300 | D:2      | Reached skill level 1 in Armour
  1468 | D:2      | Reached XP level 4. HP: 37/38 MP: 3/3
  1657 | D:2      | Reached skill level 4 in Unarmed Combat
  1718 | D:2      | Reached XP level 5. HP: 20/45 MP: 4/4
  1909 | D:2      | Slain by a kobold

Illustrated notes

Levels and vault maps discovered:
D:1:      matt_arrival_spirals, layout_loops_ring, serial_glass,
          glass_columns_a, glass_columns_c
D:2:      layout_basic, serial_glass, glass_columns_a, glass_columns_b,
          uniq_robin

Skill      XL: |  1  2  3  4 |
---------------+-------------+-----
Dodging        | 3 |  3.5
Armour         | 1 |  1.7
Fighting       | 3 |  3.3
Unarmed Combat | 4 |  4.2
Throwing       | |  1.7

Action                   |  1- 3 |  4- 6 || total
-------------------------+-------+-------++-------
Melee: Unarmed           |   121 |    68 ||   189
       Punch             |     1 |       ||     1
  Use: Scroll            |     4 |     3 ||     7
       Potion            |       |     2 ||     2
 Stab: Invisible         |       |     1 ||     1
Armor: Leather armour    |     2 |       ||     2
       Ring mail         |    58 |    20 ||    78
Dodge: Dodged            |    86 |    59 ||   145

Table legend: (Time is in decaauts)
 A = Elapsed time spent in this place.
 B = Non-inter-level travel time spent in this place.
 C = Inter-level travel time spent in this place.
 D = Time resting spent in this place.
 E = Time spent auto-exploring this place.
 F = Levels seen in this place.
 G = Mean time per level.
                   A        B        C        D        E       F      G
               +--------+--------+--------+--------+--------+-----+--------+
         Total |   1897 |   1812 |     85 |    270 |   1198 |   2 |  948.5 |
       Dungeon |   1897 |   1812 |     85 |    270 |   1198 |   2 |  948.5 |
               +--------+--------+--------+--------+--------+-----+--------+

Top non-repeatable levels by time:
     D:1: 964 daAuts
     D:2: 933 daAuts
